 Dungeon Crawl Stone Soup version 0.30-a0-637-gacddeb6d44 (webtiles) character file.

Game seed: 14003361356414334255

87513 kae the Alchemist (level 15, -6/149 HPs)
             Began as a Demonspawn Transmuter on Jan 15, 2023.
             Was a High Priest of Ru.
             Mangled by an orc knight
             ... wielding a +2 dire flail
              (18 damage)
             ... on level 15 of the Dungeon.
             The game lasted 00:39:38 (29059 turns).

kae the Alchemist (Demonspawn Transmuter)          Turns: 29059, Time: 00:39:39

Health: -6/149     AC: 27    Str: 11    XL:     15   Next: 43%
Magic:  0/29       EV: 22    Int: 24    God:    Ru [*****.]
Gold:   2190       SH:  0    Dex: 15    Spells: 8/35 levels left

rFire   x . .      SeeInvis +      - Unarmed
rCold   . . .      Faith    .    (no shield)
rNeg    + . .      Spirit   +    (body armour currently unavailable)
rPois   ∞          Reflect  .    Y - +0 helmet {SInv}
rElec   +          Harm     .    (no cloak)
rCorr   .          Rampage  .    (gloves currently unavailable)
Will    ++...                    (boots unavailable) Stlth
                                 G - amulet of guardian spirit
HPRegen 0.44/turn                I - ring of willpower
MPRegen 0.21/turn                E - +5 ring of evasion

@: statue-form, wereblooded, unable to read, unable to drink, very slow
A: slow and powerful, torment resistance 1, boosted hp, hooves 3, thin metallic
scales 3, demonic guardian 2, ignite blood 2, inability to drink after injury 2,
inability to read after injury 2, no stealth, inability to use devices, thin
skeletal structure 1, clever 2, weak 1, heat vulnerability 1
a: End Transformation, Renounce Religion, Sacrifice Essence, Sacrifice an Eye,
Sacrifice Arcana, Reject Sacrifices, Draw Out Power, Power Leap, Apocalypse


You were on level 15 of the Dungeon.
You worshipped Ru.
Ru was extremely pleased with you.
You were a living statue of rough stone.
You visited 4 branches of the dungeon, and saw 23 of its levels.
You also visited: Sewer, Gauntlet and Ice Cave.

You collected 2733 gold pieces.
You spent 543 gold pieces at shops.


Innate Abilities, Weirdness & Mutations

You are a living statue of rough stone.
Your actions are slow, but your melee attacks are powerful.
You are resistant to unholy torment.
Your maximum health is greatly increased.
You are immune to poison.
Your equipment is partially melded.
You have hooves in place of feet.
(You are completely covered in thin metallic scales. (AC +4, rElec))
A demonic guardian rushes to your aid.
Your demonic aura often causes spilled blood to erupt in flames.
You sometimes lose the ability to drink potions when taking damage.
You sometimes lose the ability to read scrolls when taking damage.
You cannot be stealthy.
You cannot study or use magical devices.
You have a somewhat thin skeletal structure. (Dex +2, Stealth+)
Your mind is very acute. (Int +8, Str/Dex -2)
You are weak. (Str -2)
You are vulnerable to heat. (rF-)


   Skills:
 + Level 10.0 Fighting
 + Level 9.4 Dodging
 + Level 11.1 Unarmed Combat
 + Level 10.9 Spellcasting
 * Level 15.0 Transmutations
 - Level 7.0 Ice Magic
 * Level 2.8 Earth Magic
 - Level 1.8 Poison Magic


You had 8 spell levels left.
You knew the following spells:

 Your Spells              Type           Power      Damage    Failure   Level
a - Statue Form           Tmut/Erth      36%        N/A       19%         6
b - Wereblood             Tmut           71%        N/A       0%          2
c - Dragon Form           Tmut           35%        N/A       9%          7
d - Ice Form              Ice/Tmut       60%        N/A       1%          4
e - Spider Form           Tmut/Pois      52%        N/A       1%          3
f - Blade Hands           Tmut           35%        N/A       1%          5

Your spell library contained the following spells:

 Spells                   Type           Power      Damage    Failure   Level
 Beastly Appendage        Tmut           100%       N/A       0%          1
 Ensorcelled Hibernation  Hex/Ice        58%        N/A       1%          2
 Frozen Ramparts          Ice            92%        1d14      1%          3
 Ozocubu's Armour         Ice            46%        N/A       1%          3
 Poisonous Vapours        Pois/Air       34%        N/A       4%          2
 Cigotuvi's Dreadful Rot  Necr/Pois/Air  30%        N/A       6%          2
 Irradiate                Conj/Tmut      24%        3d19      6%          5
 Blink                    Tloc           26%        N/A       8%          2
 Momentum Strike          Conj/Tloc      26%        3d8       8%          2
 Mephitic Cloud           Conj/Pois/Air  15%        N/A       12%         3
 Summon Ice Beast         Ice/Summ       29%        N/A       12%         4
 Dazzling Flash           Conj/Hex       26%        N/A       14%         3
 Lesser Beckoning         Tloc           26%        N/A       14%         3
 Leda's Liquefaction      Hex/Erth       9%         N/A       26%         4
 Metabolic Englaciation   Hex/Ice        14%        N/A       32%         5
 Lee's Rapid Deconstruct  Erth           13%        3d9*      38%         5
 Anguish                  Hex/Necr       6%         N/A       43%         4
 Agony                    Necr           13%        N/A       80%         5
 Fireball                 Conj/Fire      6%         3d5       80%         5
 Iskenderun's Battlesphe  Conj           13%        2d7       80%         5
 Silence                  Hex/Air        6%         N/A       80%         5
 Simulacrum               Ice/Necr       14%        N/A       87%         6
 Conjure Ball Lightning   Conj/Air       6%         3x3d6     100%        6
 Orb of Destruction       Conj           6%         9d6       100%        7
 Discord                  Hex            6%         N/A       100%        8
 Disjunction              Tloc           6%         N/A       100%        8

Inventory:

Missiles
 j - 121 stones
 m - 27 boomerangs
 p - 40 poisoned darts
 y - a silver boomerang
 J - 3 curare-tipped darts {=f}
 O - 5 javelins
Armour
 a - a +1 robe
 d - the +0 leather armour of the Heavens {rC+}
   (You found it on level 2 of the Dungeon)

   rC:        It protects you from cold.
 w - a +1 troll leather armour (melded) {Snorg}
   (You found it on level 4 of the Lair of Beasts)
 Y - a +0 helmet of see invisible (worn)
   (You found it in an ice cave)
Magical Staves
 k - a staff of conjuration {!a}
   (You found it on level 2 of the Dungeon)
 v - a staff of air {!a}
   (You found it on level 4 of the Dungeon)
 U - a staff of conjuration {!a}
   (You found it on level 12 of the Dungeon)
Jewellery
 t - an amulet of reflection
   (You found it on level 3 of the Dungeon)
 A - an amulet of the acrobat
   (You found it on level 1 of the Lair of Beasts)
 C - a ring of ice
   (You found it in an ice cave)
 D - a +6 ring of dexterity
   (You found it on level 13 of the Dungeon)
 E - a +5 ring of evasion (right fist)
   (You found it on level 1 of the Lair of Beasts)
 G - an amulet of guardian spirit (around neck)
   (You found it on level 5 of the Lair of Beasts)
 H - an amulet of magic regeneration
   (You found it on level 10 of the Dungeon)
 I - a ring of willpower (left fist)
   (You took it off an orc on level 7 of the Dungeon)
 N - a ring of positive energy
   (You found it on level 5 of the Dungeon)
 P - a ring of poison resistance
   (You found it on level 5 of the Lair of Beasts)
 W - a ring of magical power
   (You found it on level 12 of the Dungeon)
Scrolls
 f - 8 scrolls of enchant armour
 o - 14 scrolls of teleportation {@r4}
 s - 4 scrolls of enchant weapon
 x - 6 scrolls of poison {!r}
 K - a scroll of amnesia
 L - a scroll of immolation {!r!r}
 Q - 3 scrolls of fog
 R - 3 scrolls of butterflies
 S - 9 scrolls of identify {@r1}
 T - 4 scrolls of magic mapping {!r}
 V - 3 scrolls of blinking {!r}
 X - 3 scrolls of vulnerability {!r!r}
Potions
 b - 2 potions of lignification {!q}
 c - 2 potions of cancellation
 e - 4 potions of mutation {!q}
 g - 2 potions of invisibility
 h - 5 potions of brilliance
 i - 12 potions of curing {@q1}
 l - 2 potions of might
 n - 2 potions of haste {@q3}
 q - 3 potions of magic
 r - 7 potions of flight
 z - 9 potions of heal wounds {@q2}
 B - 4 potions of attraction {!q}
 M - a potion of resistance

Dungeon Overview and Level Annotations

Branches:
Dungeon (15/15) Zot: 25617  Temple (1/1) D:4 Zot: 5930    Lair (5/5) D:9 Zot: 22439
  Swamp (0/4) Lair:2        Snake (0/4) Lair:3        Slime (0/5) Lair:5
    Orc (2/2) D:11 Zot: 10426     Elf (0/3) Orc:2        Vaults (0/5) D:13
 Depths (0/4) D:15          Sewer (visited)           IceCv (visited)
Gauntlet (visited)

Altars:
Ashenzari
Cheibriados
Dithmenos
Fedhas
Gozag
Hepliaklqana
Kikubaaqudgha
Makhleb
Nemelex Xobeh
Okawaru
Qazlal
Ru
Sif Muna
Trog
Uskayaw
Vehumet
Wu Jian
Xom
Yredelemnul
Jiyva
Lugonu

Shops:
D:6 *   D:7 **   D:10 =   Orc:2 [:((

Portals:
Abyss: D:7

Annotations:
D:6 Dowan
D:8 Psyche
D:10 1 runed translucent door, Dirtsage's ghost, journeyman OpTm
D:12 3 runed translucent doors, Yehuk's ghost, journeyman MiBe
D:15 Leeroy's ghost, journeyman TeWr

......###.# #..#
......# #.# #..#
......###.## ##.#
......##...# ##.##
...........## ###....
##########..#######
##...###
##.....4.########..###
# #......)o.........##
#8....o8o.W....8###
#######oo'#######
#..hooo.o.....#
#...o#####....###
#.###.o...###.#.##
#.#8#..8..#8#.#..#
#.............#..#
#8[..)[_["...8#..#
###########..#


You could see an orc warlord (strong), 4 orc knights, an orc high priest
(strong), a warg, an orc priest (strong, ally target), Leeroy's ghost, 3 orcs
and a friendly ice devil (summoned).


Message History

😮 HP[+1] Unknown command.
You punch the orc warrior!
You feel a bit better.
You kill the orc warrior!
The orc knight hits you but does no damage.
The orc completely misses you.
Leeroy's ghost says, "Missed me!"
Leeroy's ghost begins to cast a spell, but is stunned by your conviction!
The orc completely misses you.
You redirect the orc knight's attack!
You redirect the orc's attack!
The orc hits the orc with a +0 club!
The orc dies!
The orc shouts! 😮 HP[+1]
The orc knight shouts!
You pummel the orc!!
You feel a bit better.
You kill the orc!
You howl as the wereblood boils in your veins!
The orc completely misses you.
The orc warlord roars a battlecry!
The orc knight goes into a battle-frenzy!
The orc knight hits you from afar with a +3 heavy glaive!!!
You feel threatened and lose the ability to read scrolls!
* * * LOW HITPOINT WARNING * * *
You focus your inner power and paralyse the orc knight in retribution!
The orc knight hits you but does no damage. 😨 HP[-37] MP[-6]
You take 37 damage, and now have 74/149 hp.
MASSIVE DAMAGE!! (PAUSE)
You lost 6 mp, and now have 11/29 mp.
The orc warlord blocks your attack.
You kick the orc warlord!
You howl as the wereblood boils in your veins!
You can read scrolls again.
The orc knight is no longer moving slowly.
The orc misses you.
The orc warlord hits you with a +0 demon blade!!
You feel threatened and lose the ability to read scrolls!
* * * LOW HITPOINT WARNING * * *
The orc high priest misses you.
Leeroy's ghost begins to cast a spell, but is stunned by your conviction! 😨 HP[-17] MP[-2]
You take 17 damage, and now have 57/149 hp.
You lost 2 mp, and now have 9/29 mp.
Unknown command.
You punch the orc warlord! The orc warlord blocks your attack.
You howl as the wereblood boils in your veins!
The orc high priest mumbles some strange prayers to Beogh against you.
You resist with almost no effort. The orc completely misses you.
The orc knight unwields a +2 battleaxe of flaming.
It stops flaming.
The orc knight wields a +0 arbalest.
The orc knight shoots a bolt.
The bolt closely misses you.
The orc knight closely misses you. 😨 HP[+1] Unknown command.
You hit the orc warlord but do no damage.
The orc warlord blocks your attack.
You punch the orc warlord, but do no damage.
The orc hits you from afar with a +0 trident.
* * * LOW HITPOINT WARNING * * *
The orc warlord closely misses you.
Leeroy's ghost begins to cast a spell, but is stunned by your conviction!
The orc priest misses you.
The orc high priest is stunned by your conviction and fails to attack.
The orc completely misses you.
The orc drinks a potion.
The orc seems to speed up.
The orc priest closely misses you.
The orc warlord hits you with a +0 demon blade!
* * * LOW HITPOINT WARNING * * *
Leeroy's ghost begins to cast a spell, but is stunned by your conviction! 😨 HP[-10] MP[-2]
You take 10 damage, and now have 48/149 hp.
You lost 2 mp, and now have 7/29 mp.
You pummel the orc warlord!!
You kick the orc warlord, but do no damage.
Leeroy's ghost says, "I was like you once."
You redirect the orc priest's attack!
The orc priest barely misses itself.
The orc completely misses you. The orc warlord closely misses you.
The orc high priest hits you with a +0 war axe.
* * * LOW HITPOINT WARNING * * *
😨 HP[-4] MP[-1]
You take 4 damage, and now have 44/149 hp.
You lost 1 mp, and now have 6/29 mp.
Unknown command.
The orc warlord blocks your attack.
You kick the orc warlord, but do no damage.
The orc knight misses you. The orc completely misses you.
The orc warlord hits you with a +0 demon blade!!!
* * * LOW HITPOINT WARNING * * *
A demonic guardian appears!
The orc high priest hits you with a +0 war axe.
* * * LOW HITPOINT WARNING * * *
Leeroy's ghost mumbles some strange words.
Leeroy's ghost blinks!
The orc priest suddenly yells.
The orc priest misses you.
The orc knight is stunned by your conviction and fails to attack.
The orc knight hits you with a +2 dire flail!!
You die...

Skill      XL: |  1  2  3  4  5  6  7  8  9 10 11 12 13 14 15 |
---------------+----------------------------------------------+-----
Transmutations | 2 3 4 5 6 8 9 10 12 13 14 15 | 15.0
Unarmed Combat | 3 4 5 6 7 8 9 10 11 | 11.1
Poison Magic   | 1 |  1.8
Spellcasting   | 3 4 5 6 7 8 9 10 | 10.9
Ice Magic      | 2 3 5 6 7 |  7.0
Dodging        | 3 5 6 7 8 9 |  9.4
Fighting       | 3 5 7 8 9 10 | 10.0
Earth Magic    | 2 |  2.8

Action                   |  1- 3 |  4- 6 |  7- 9 | 10-12 | 13-15 || total
-------------------------+-------+-------+-------+-------+-------++-------
Melee: Unarmed           |   106 |   277 |   251 |   457 |   678 ||  1769
       Kick              |    23 |    20 |     4 |       |    42 ||    89
       Headbutt          |    14 |     7 |       |       |       ||    21
       Punch             |     1 |     1 |       |     8 |    47 ||    57
       Tailslap          |       |       |       |    13 |    47 ||    60
       Bite              |       |       |       |     7 |    41 ||    48
 Cast: Beastly Appendage |    30 |    19 |     5 |       |       ||    54
       Wereblood         |     1 |     5 |     9 |    13 |    13 ||    41
       Spider Form       |     1 |    12 |     7 |       |     1 ||    21
       Ice Form          |       |     5 |    27 |    33 |     9 ||    74
       Blade Hands       |       |       |       |    20 |     8 ||    28
       Dragon Form       |       |       |       |     2 |    31 ||    33
       Statue Form       |       |       |       |       |     9 ||     9
Invok: Reject Sacrifices |       |     1 |     1 |       |     1 ||     3
       Sacrifice Words   |       |       |       |     1 |       ||     1
       Sacrifice Drink   |       |       |       |     1 |       ||     1
       Draw Out Power    |       |       |       |     2 |       ||     2
       Sacrifice Artific |       |       |       |     1 |       ||     1
       Apocalypse        |       |       |       |       |     1 ||     1
       Sacrifice Stealth |       |       |       |       |     1 ||     1
 Abil: End Transformatio |       |     1 |       |       |       ||     1
       Breathe Fire      |       |       |       |     1 |     1 ||     2
Evoke: Wand              |       |       |       |     6 |       ||     6
  Use: Scroll            |     7 |     3 |     2 |     6 |     6 ||    24
       Potion            |       |       |       |     1 |     8 ||     9
 Stab: Distracted        |       |       |     1 |     2 |     1 ||     4
       Sleeping          |       |       |       |     2 |       ||     2
       Invisible         |       |       |       |     3 |     8 ||    11
       Paralysed         |       |       |       |       |     5 ||     5
       Petrifying        |       |       |       |       |     1 ||     1
Armor: Robe              |    24 |    52 |     3 |    18 |       ||    97
       Skin              |       |    23 |    62 |   115 |   205 ||   405
       Troll leather arm |       |       |       |       |     7 ||     7
Dodge: Dodged            |    73 |   185 |   132 |   296 |   587 ||  1273
Block: Other             |       |    63 |    74 |   101 |    26 ||   264
       Reflection        |       |     1 |     4 |     1 |       ||     6

Levels and vault maps discovered:
D:1:      psy_arrival_wood_between_worlds, layout_basic, supply_closet_lemuel,
          nicolae_titane
D:2:      layout_loops_corners, nicolae_ecumenical_lake_church,
          minmay_octomino_j4
D:3:      layout_basic, nicolae_ru_awakened_eye,
          nicolae_qazlal_style_of_elements
D:4:      layout_cave_pods, nicolae_vehumet_altar_sigil,
          minmay_temple_entry_gardened_gates, portal_sewer_entry_e,
          serial_column_ruins, column_ruins_columns_straight,
          column_ruins_columns_corner, column_ruins_corridor_dead_end,
          column_ruins_corridor_corner, column_ruins_open_tiny,
          column_ruins_grid_1
D:5:      layout_rooms, mainiacjoe_overflow_six_doors_small, uniq_edmund
D:6:      layout_basic, lemuel_tele_altar, serial_shops, nicolae_lakefront_shop,
          nicolae_concentric_dashed_squares_mild, uniq_duvessa
D:7:      layout_loops_corners, tgw_sif, nicolae_specific_store,
          hangedman_decor_growths, amcnicky_altar_lugonu_corruption
D:8:      layout_basic, uniq_psyche
D:9:      cheibrodos_helix_gallery, layout_loops_ring, bloody_trog,
          kennysheep_little_box, fedhas_altar_3, erik_lair_orcish_takeover,
          special_room [special_room_orc], uniq_maggie, uniq_erica, uniq_maurice
D:10:     layout_gridville, ebering_ghost_reflecting_pool, serial_shops,
          kennysheep_mini_moat, uniq_grum
D:11:     layout_roguey, orc_0_dummy, gauntlet_entry_generic,
          minmay_misc_feat_tiny, hangedman_abyss_or_decor_jellyfish_corner
D:12:     layout_layer_cave, gammafunk_ghost_icy, serial_bayou_lagoon_b,
          uniq_frances
D:13:     layout_stronghold, ximxim_vaults_locker_room, bloody_makhleb,
          uniq_josephine
D:14:     lemuel_ogre_cave, layout_rooms, interstate_on_off, serial_rivers,
          chequers_serial_rivers_micro_a, chequers_serial_rivers_micro_d,
          chequers_serial_rivers_large_b, chequers_serial_rivers_small_3,
          chequers_serial_rivers_micro_b
D:15:     grunt_enter_depths_hoard, layout_cave_pods,
          biasface_ghost_orc_armoury, nicolae_sextant, uniq_nessos
Temple:   dshaligram_water_room_temple
Lair:1:   minmay_guarded_unrand_snakebite, layout_gridlike, grunt_megastairs_5
Lair:2:   layout_cave_pods, swamp_mist, nicolae_quartered_pool_little
Lair:3:   layout_gridlike, minmay_snake_entry_guardpost_medium,
          serial_bayou_shore_a
Lair:4:   layout_cave_shapes, uniq_snorg
Lair:5:   cheibrodos_lair_end_hotspot, layout_long_grid,
          dpeg_slime_entry_enclosed
Orc:1:    layout_caves, uniq_erolcha, uniq_nergalle
Orc:2:    st_orc_ogre_mass, layout_caves, portal_ice_cave_entry_imps,
          nicolae_orc_rockfall, uniq_azrael

Notes
Turn   | Place    | Note
-------+----------+-------------------------------------------
     0 | D:1      | kae the Demonspawn Transmuter began the quest for the Orb.
     0 | D:1      | Reached XP level 1. HP: 15/15 MP: 3/3
     0 | D:1      | magus.rc [v1.11.3]
    59 | D:1      | Reached skill level 2 in Transmutations
   238 | D:1      | Gained mutation: A weak demonic guardian rushes to your
                  | aid. [demonic ancestry]
   238 | D:1      | Reached XP level 2. HP: 18/21 MP: 3/5
   682 | D:1      | Reached skill level 3 in Unarmed Combat
   804 | D:1      | You pick up a book of Changes and begin reading...
   937 | D:1      | Learned a level 2 spell: Wereblood
  1066 | D:1      | Gained mutation: A demonic guardian rushes to your aid.
                  | [demonic ancestry]
  1066 | D:1      | Reached XP level 3. HP: 26/26 MP: 4/6
  1070 | D:1      | Learned a level 3 spell: Spider Form
  1287 | D:2      | Identified the +0 leather armour of the Heavens {rC+}
  1925 | D:2      | Found a faded altar of an unknown god.
  2179 | D:3      | magus.rc [v1.11.3]
  2290 | D:3      | Reached skill level 3 in Transmutations
  2290 | D:3      | Reached skill level 1 in Poison Magic
  2290 | D:3      | Reached XP level 4. HP: 32/32 MP: 3/7
  2311 | D:3      | Gained mutation: You are partially covered in thin metallic
                  | scales. (AC +2) [demonic ancestry]
  2311 | D:3      | Reached XP level 5. HP: 37/37 MP: 1/9
  2503 | D:3      | Noticed a fire elemental
  2506 | D:3      | Found a stormy altar of Qazlal.
  2526 | D:3      | Noticed a water elemental
  2526 | D:3      | Noticed an air elemental
  2540 | D:3      | Found a sacrificial altar of Ru.
  2554 | D:3      | Became a worshipper of Ru the Awakened
  2839 | D:4      | Found a staircase to the Ecumenical Temple.
  2849 | Temple   | Entered the Ecumenical Temple
  3032 | D:4      | Found a glowing drain.
  3045 | Sewer    | Entered a sewer
  3126 | Sewer    | Reached skill level 3 in Spellcasting
  3214 | Sewer    | Learned a level 4 spell: Ice Form
  3564 | Sewer    | Reached skill level 4 in Transmutations
  3564 | Sewer    | Gained mutation: Your demonic aura sometimes causes spilled
                  | blood to erupt in flames. [demonic ancestry]
  3564 | Sewer    | Reached XP level 6. HP: 21/43 MP: 7/10
  3570 | Sewer    | Reached skill level 1 in Ice Magic
  4254 | D:3      | HP: 11/51 [orc/+0 war axe (7)]
  4918 | D:4      | You pick up a book of Chaos and begin reading...
  4918 | D:4      | You add the spells Conjure Ball Lightning, Disjunction and
                  | Discord to your library.
  4943 | D:4      | Found a radiant altar of Vehumet.
  5126 | D:5      | Entered Level 5 of the Dungeon
  5234 | D:5      | Reached skill level 2 in Ice Magic
  5263 | D:5      | Gained mutation: You are mostly covered in thin metallic
                  | scales. (AC +3) [demonic ancestry]
  5263 | D:5      | Reached XP level 7. HP: 44/48 MP: 6/12
  5460 | D:5      | Reached skill level 4 in Unarmed Combat
  5613 | D:5      | Reached skill level 5 in Transmutations
  5764 | D:5      | Reached skill level 3 in Ice Magic
  5861 | D:5      | Noticed Edmund
  5872 | D:5      | Killed Edmund
  5892 | D:5      | Found a snail-covered altar of Cheibriados.
  5894 | D:5      | Reached skill level 4 in Spellcasting
  5894 | D:5      | Reached XP level 8. HP: 54/54 MP: 8/14
  6403 | D:6      | Reached skill level 4 in Ice Magic
  6526 | D:6      | Reached skill level 6 in Transmutations
  6630 | D:6      | Found Zagu Tul's General Store.
  6938 | D:6      | Found a sparkling altar of Nemelex Xobeh.
  6938 | D:6      | Noticed Duvessa
  6938 | D:6      | Noticed Dowan
  6948 | D:6      | Killed Duvessa
  7056 | D:6      | Identified the +3 robe "Seluoss" {Regen+ Str+3}
  7388 | D:6      | Bought a potion of heal wounds for 75 gold pieces
  7431 | D:7      | Reached skill level 5 in Unarmed Combat
  7474 | D:7      | Found Joanul's General Store.
  7476 | D:7      | Found Keenekhesek's Specific Store.
  7536 | D:7      | Found a one-way gate to the infinite horrors of the Abyss.
  7536 | D:7      | Found a corrupted altar of Lugonu.
  7726 | D:7      | Reached skill level 5 in Ice Magic
  7880 | D:7      | Gained mutation: You have large cloven feet. [demonic
                  | ancestry]
  7880 | D:7      | Reached XP level 9. HP: 53/59 MP: 11/16
  7894 | D:7      | HP: 14/70 [killer bee (4)]
  7897 | D:7      | Reached skill level 7 in Transmutations
  8113 | D:7      | Reached skill level 5 in Spellcasting
  8382 | D:7      | Reached skill level 6 in Ice Magic
  8831 | D:7      | Found a shimmering blue altar of Sif Muna.
  9505 | D:8      | Reached skill level 6 in Unarmed Combat
  9646 | D:8      | Reached skill level 8 in Transmutations
  9661 | D:8      | Noticed Psyche
  9820 | D:8      | Gained mutation: Your demonic aura often causes spilled
                  | blood to erupt in flames. [demonic ancestry]
  9820 | D:8      | Reached XP level 10. HP: 65/65 MP: 11/18
 10242 | D:8      | Reached skill level 7 in Ice Magic
 10598 | D:9      | Reached skill level 2 in Dodging
 10707 | D:9      | Noticed Maggie
 10717 | D:9      | Killed Maggie
 10792 | D:9      | Found a bloodstained altar of Trog.
 10822 | D:9      | Found a staircase to the Lair.
 10830 | D:9      | Reached skill level 2 in Fighting
 10837 | D:9      | Reached skill level 6 in Spellcasting
 10860 | D:9      | HP: 20/81 [something/puff of flame (6)]
 10866 | D:9      | HP: 17/81 [something/magic dart (5)]
 11071 | D:9      | You pick up a book of the Spheres and begin reading...
 11071 | D:9      | You add the spells Iskenderun's Battlesphere, Fireball and
                  | Orb of Destruction to your library.
 11090 | D:9      | Noticed Erica
 11108 | D:9      | Killed Erica
 11109 | D:9      | Reached skill level 3 in Dodging
 11259 | D:9      | Found a blossoming altar of Fedhas.
 11288 | D:9      | Noticed Maurice
 11295 | D:9      | Killed Maurice
 11296 | D:9      | Reached skill level 3 in Fighting
 11296 | D:9      | Reached skill level 9 in Transmutations
 11557 | D:9      | Found a basalt altar of Yredelemnul.
 11636 | D:9      | Reached skill level 7 in Unarmed Combat
 11946 | D:9      | Gained mutation: You have hoof-like feet. [demonic
                  | ancestry]
 11946 | D:9      | Reached XP level 11. HP: 75/75 MP: 15/21
 12163 | D:10     | Entered Level 10 of the Dungeon
 12322 | D:10     | You pick up a book of the Senses and begin reading...
 12322 | D:10     | You add the spells Dazzling Flash, Agony and Silence to
                  | your library.
 12376 | D:10     | You pick up a book of Winter and begin reading...
 12376 | D:10     | You add the spells Ozocubu's Armour, Metabolic Englaciation
                  | and Simulacrum to your library.
 12391 | D:10     | Noticed Grum
 12420 | D:10     | Killed Grum
 12572 | D:10     | Found Ociul's Jewellery Shoppe.
 12587 | D:10     | Reached skill level 4 in Dodging
 12651 | D:10     | Found a runed translucent door.
 12661 | D:10     | Noticed Dirtsage's ghost (journeyman OpTm)
 12667 | D:10     | Noticed a two-headed ogre
 12676 | D:10     | Killed a two-headed ogre
 12677 | D:10     | Reached skill level 4 in Fighting
 12717 | D:10     | Identified the +5 flail of Terra Nullius {pain, rPois
                  | Str+4}
 13137 | D:10     | You pick up a book of Dreams and begin reading...
 13137 | D:10     | You add the spells Ensorcelled Hibernation and Anguish to
                  | your library.
 13312 | D:11     | You pick up a book of Transfigurations and begin reading...
 13312 | D:11     | You add the spells Irradiate, Blade Hands and Dragon Form
                  | to your library.
 13342 | D:11     | Gained mutation: You occasionally lose the ability to drink
                  | potions when taking damage. [Ru sacrifice]
 13342 | D:11     | Gained mutation: You sometimes lose the ability to drink
                  | potions when taking damage. [Ru sacrifice]
 13342 | D:11     | Reached * piety under Ru
 13347 | D:11     | Reached skill level 7 in Spellcasting
 13394 | D:11     | Found a gate leading to a gauntlet.
 13403 | Gauntlet | Entered a Gauntlet
 13403 | Gauntlet | Found a transporter.
 13413 | Gauntlet | Noticed a catoblepas
 13436 | Gauntlet | Found a transporter.
 13443 | Gauntlet | Noticed an entropy weaver
 13443 | Gauntlet | Found the necklace of Bloodlust {Fury *Rage Will++ Int-3
                  | Slay+6}
 13448 | Gauntlet | Found a transporter.
 13452 | Gauntlet | Found a transporter.
 13455 | Gauntlet | Noticed a green death
 13462 | Gauntlet | Found a transporter.
 13483 | Gauntlet | Noticed a steelbarb worm
 13484 | Gauntlet | Found a runed translucent gate.
 13485 | Gauntlet | Found a transporter.
 13485 | Gauntlet | Found a runed translucent gate.
 13486 | Gauntlet | Found a runed translucent gate.
 13490 | Gauntlet | Found a transporter.
 13491 | Gauntlet | a steelbarb worm changed into a faun
 13494 | Gauntlet | Found a transporter.
 13498 | Gauntlet | a swamp worm changed into a deep troll
 13498 | Gauntlet | Noticed a deep troll (glowing shapeshifter)
 13503 | Gauntlet | a deep troll changed into an eye of devastation
 13510 | Gauntlet | an eye of devastation changed into a glowing shapeshifter
 13510 | Gauntlet | Noticed a glowing shapeshifter (glowing shapeshifter)
 13511 | Gauntlet | a glowing shapeshifter changed into a faun
 13517 | Gauntlet | Found a transporter.
 13537 | Gauntlet | Found a transporter.
 13541 | Gauntlet | Found a transporter.
 13543 | Gauntlet | Noticed an orange crystal statue
 13549 | Gauntlet | Found a transporter.
 13585 | Gauntlet | Noticed a boulder beetle
 13618 | Gauntlet | a boulder beetle changed into a spark wasp
 13618 | Gauntlet | Noticed a spark wasp (shapeshifter)
 13851 | D:11     | Found a staircase to the Orcish Mines.
 13852 | D:11     | Noticed a boulder beetle
 13919 | Lair:1   | Entered Level 1 of the Lair of Beasts
 13926 | Lair:1   | Learned a level 5 spell: Blade Hands
 13934 | Lair:1   | Learned a level 7 spell: Dragon Form
 14149 | Lair:1   | Reached skill level 10 in Transmutations
 14827 | Lair:1   | Found the +8 whip "Snakebite" {venom, curare, rPois}
 15409 | Lair:2   | Gained mutation: You occasionally lose the ability to read
                  | scrolls when taking damage. [Ru sacrifice]
 15409 | Lair:2   | Gained mutation: You sometimes lose the ability to read
                  | scrolls when taking damage. [Ru sacrifice]
 15409 | Lair:2   | Reached ** piety under Ru
 15409 | Lair:2   | Reached *** piety under Ru
 15437 | Lair:2   | Found a staircase to the Swamp.
 15552 | Lair:2   | HP: 19/78 [wolf (8)]
 15558 | Lair:2   | HP: 16/78 [poisoned by a cane toad]
 15697 | Lair:2   | Reached skill level 5 in Fighting
 15768 | Lair:2   | You pick up a book of Spatial Translocations and begin
                  | reading...
 15768 | Lair:2   | You add the spells Blink, Momentum Strike and Lesser
                  | Beckoning to your library.
 16229 | Lair:3   | Found the +15 Maxwell's patent armour {-Cast -Tele rElec
                  | Will+ rCorr}
 16240 | Lair:3   | Reached skill level 5 in Dodging
 16248 | Lair:3   | Noticed a six-headed hydra
 16370 | Lair:3   | Killed a six-headed hydra
 16371 | Lair:3   | Reached skill level 8 in Unarmed Combat
 16467 | Lair:3   | Reached XP level 12. HP: 86/86 MP: 19/23
 16613 | Lair:3   | Noticed a catoblepas
 16616 | Lair:2   | HP: 9/103 [cane toad (19)]
 16847 | Lair:2   | Reached skill level 11 in Transmutations
 16851 | Lair:2   | HP: 24/102 [poisoned by a cane toad]
 16856 | Lair:2   | HP: 23/99 [poisoned by a cane toad]
 16861 | Lair:2   | HP: 15/99 [poisoned by a cane toad]
 17101 | Lair:3   | Killed a catoblepas
 17440 | Lair:3   | Reached skill level 8 in Spellcasting
 17578 | Lair:3   | Found a staircase to the Snake Pit.
 17976 | Lair:3   | Gained mutation: You cannot study or use magical devices.
                  | [Ru sacrifice]
 17976 | Lair:3   | Reached **** piety under Ru
 17976 | Lair:3   | Reached ***** piety under Ru
 18008 | Lair:4   | Noticed a death yak
 18013 | Lair:4   | Noticed a death yak
 18015 | Lair:4   | Reached skill level 6 in Fighting
 18015 | Lair:4   | Noticed a death yak
 18016 | Lair:4   | Noticed a death yak
 18021 | Lair:3   | Killed a death yak
 18217 | Lair:4   | Reached skill level 6 in Dodging
 18409 | Lair:4   | Noticed a catoblepas
 18579 | Lair:4   | Killed a catoblepas
 18724 | Lair:4   | Reached skill level 12 in Transmutations
 18850 | Lair:4   | Reached skill level 7 in Fighting
 18858 | Lair:4   | Killed a death yak
 18859 | Lair:4   | Reached skill level 9 in Unarmed Combat
 18859 | Lair:4   | Reached XP level 13. HP: 96/96 MP: 25/25
 19100 | Lair:4   | Noticed Snorg
 19112 | Lair:3   | Gained mutation: You sometimes lose your temper in combat.
                  | [mutagenic glow]
 19125 | Lair:3   | Gained mutation: You have an uncontrollable temper.
                  | [mutagenic glow]
 19143 | Lair:3   | Gained mutation: You passively dampen the noise of your
                  | surroundings. [mutagenic glow]
 19163 | Lair:3   | Gained mutation: Your spells are a little harder to cast,
                  | but a little more powerful. [mutagenic glow]
 19177 | Lair:3   | Gained mutation: Your muscles are strong. (Str +4, Int/Dex
                  | -1) [mutagenic glow]
 19195 | Lair:3   | Gained mutation: You are clumsy. (Dex -2) [mutagenic glow]
 19266 | Lair:3   | Lost mutation: You are clumsy. (Dex -2) [potion of
                  | mutation]
 19266 | Lair:3   | Lost mutation: You passively dampen the noise of your
                  | surroundings. [potion of mutation]
 19266 | Lair:3   | Lost mutation: Your muscles are strong. (Str +4, Int/Dex
                  | -1) [potion of mutation]
 19266 | Lair:3   | Gained mutation: You have a pair of small horns on your
                  | head. [potion of mutation]
 19266 | Lair:3   | Gained mutation: Your mind is acute. (Int +4, Str/Dex -1)
                  | [potion of mutation]
 19267 | Lair:3   | Lost mutation: Your spells are a little harder to cast, but
                  | a little more powerful. [potion of mutation]
 19267 | Lair:3   | Lost mutation: You have a pair of small horns on your head.
                  | [potion of mutation]
 19267 | Lair:3   | Lost mutation: Your mind is acute. (Int +4, Str/Dex -1)
                  | [potion of mutation]
 19267 | Lair:3   | Gained mutation: You are somewhat resistant to further
                  | mutation. [potion of mutation]
 19268 | Lair:3   | Lost mutation: You are somewhat resistant to further
                  | mutation. [potion of mutation]
 19268 | Lair:3   | Lost mutation: You have an uncontrollable temper. [potion
                  | of mutation]
 19268 | Lair:3   | Lost mutation: You sometimes lose your temper in combat.
                  | [potion of mutation]
 19268 | Lair:3   | Gained mutation: You are weak. (Str -2) [potion of
                  | mutation]
 19268 | Lair:3   | Gained mutation: You have a somewhat thin skeletal
                  | structure. (Dex +2, Stealth+) [potion of mutation]
 19268 | Lair:3   | Gained mutation: Your mind is acute. (Int +4, Str/Dex -1)
                  | [potion of mutation]
 19284 | Lair:4   | Killed Snorg
 19474 | Lair:5   | Entered Level 5 of the Lair of Beasts
 19601 | Lair:5   | Reached skill level 9 in Spellcasting
 19614 | Lair:5   | Reached skill level 7 in Dodging
 19952 | Lair:5   | Found a viscous altar of Jiyva.
 19952 | Lair:5   | Found a staircase to the Slime Pits.
 20133 | Lair:5   | Reached skill level 13 in Transmutations
 20135 | Lair:5   | Reached skill level 8 in Fighting
 20823 | Lair:5   | Gained mutation: You are completely covered in thin
                  | metallic scales. (AC +4, rElec) [demonic ancestry]
 20823 | Lair:5   | Reached XP level 14. HP: 106/106 MP: 25/27
 20833 | Lair:5   | Found a large runed translucent door.
 20834 | Lair:5   | Found a large runed translucent door.
 20880 | Lair:5   | Gained mutation: You are vulnerable to heat. (rF-)
                  | [mutagenic glow]
 21370 | Lair:5   | You pick up a book of Vapours and begin reading...
 21370 | Lair:5   | You add the spells Poisonous Vapours, Cigotuvi's Dreadful
                  | Rot and Mephitic Cloud to your library.
 21588 | D:11     | You pick up a book of Rime and begin reading...
 21588 | D:11     | You add the spells Frozen Ramparts and Summon Ice Beast to
                  | your library.
 21720 | D:11     | Gained mutation: Your mind is very acute. (Int +8, Str/Dex
                  | -2) [mutagenic glow]
 21858 | D:11     | Reached skill level 10 in Unarmed Combat
 22261 | D:12     | Reached skill level 8 in Dodging
 22514 | D:12     | Found a runed translucent gate.
 22515 | D:12     | Found a runed translucent gate.
 22515 | D:12     | Found a runed translucent gate.
 22669 | D:12     | Noticed Frances
 22679 | D:12     | Killed Frances
 23621 | D:12     | Noticed Yehuk's ghost (journeyman MiBe)
 23769 | D:13     | Found a burning altar of Makhleb.
 23840 | D:13     | Reached skill level 10 in Spellcasting
 23923 | D:13     | Noticed Josephine
 23929 | D:13     | Killed Josephine
 24226 | D:13     | Reached skill level 14 in Transmutations
 24232 | D:13     | Reached skill level 9 in Fighting
 24250 | D:13     | Found a gate to the Vaults.
 24806 | Orc:1    | Entered Level 1 of the Orcish Mines
 24875 | Orc:2    | Entered Level 2 of the Orcish Mines
 24901 | Orc:2    | Found a frozen archway.
 24947 | IceCv    | Entered an ice cave
 25501 | Orc:1    | Noticed Nergalle
 25514 | Orc:1    | Killed Nergalle
 26176 | Orc:2    | Gained mutation: You cannot be stealthy. [Ru sacrifice]
 26197 | Orc:2    | Gained mutation: You have hooves in place of feet. [demonic
                  | ancestry]
 26197 | Orc:2    | Reached XP level 15. HP: 114/114 MP: 5/29
 26200 | Orc:2    | Reached skill level 9 in Dodging
 26224 | Orc:2    | HP: 41/172 [orc priest/divine providence (12)]
 26235 | Orc:2    | Found Qistrywn's Armour Shoppe.
 26235 | Orc:2    | Found Guuguvih's Antique Weapon Boutique.
 26237 | Orc:2    | Found Soiwit's Antique Weapon Emporium.
 26237 | Orc:2    | Found Vaompos's Book Boutique.
 26328 | Orc:2    | Bought a book of the Earth for 468 gold pieces
 26328 | Orc:2    | You pick up a book of the Earth and begin reading...
 26328 | Orc:2    | You add the spells Leda's Liquefaction, Lee's Rapid
                  | Deconstruction and Statue Form to your library.
 26335 | Orc:2    | Learned a level 6 spell: Statue Form
 26411 | Orc:2    | Found a staircase to the Elven Halls.
 26505 | Orc:2    | Noticed Azrael
 26515 | Orc:2    | Killed Azrael
 27018 | D:14     | Reached skill level 1 in Earth Magic
 27084 | D:14     | Reached skill level 11 in Unarmed Combat
 27335 | D:14     | Reached skill level 2 in Earth Magic
 27789 | D:15     | Entered Level 15 of the Dungeon
 27883 | D:15     | Reached skill level 15 in Transmutations
 27891 | D:15     | Reached skill level 10 in Fighting
 28087 | D:15     | Noticed Nessos
 28095 | D:15     | Killed Nessos
 28378 | D:15     | Found a staircase to the Depths.
 28603 | D:15     | Noticed Leeroy's ghost (journeyman TeWr)
 28605 | D:15     | Found a runed translucent gate.
 28605 | D:15     | Identified the +3 chain mail of the Illusory Scars {Contam
                  | rF++ Int+6}
 28605 | D:15     | Identified the +1 kite shield of the Nexus {rElec rF+
                  | Dex+4}
 28606 | D:15     | Found a runed translucent gate.
 28607 | D:15     | Found a runed translucent gate.
 29059 | D:15     | HP: 13/149 [orc warlord/+0 demon blade (31)]
 29059 | D:15     | Mangled by an orc knight

Vanquished Creatures
  Frances (D:12)
  Azrael (Orc:2)
  Nessos (D:15)
  Snorg (Lair:4)
  3 fire dragons
  Josephine (D:13)
  4 hydras
  2 vault guards (D:13)
  3 centaur warriors
  4 ogre magi (Orc:2)
  2 catoblepae
  Erica (D:9)
  13 two-headed ogres
  2 boulder beetles
  A death yak (Lair:3)
  A tengu warrior (D:14)
  An orc high priest (Orc:2)
  Nergalle (Orc:1)
  A wizard (D:15)
  3 lindwurms
  10 ugly things
  2 orc knights
  4 cyclopes
  A manticore (D:15)
  An orc sorcerer (Orc:2)
  6 elephants (Lair:5)
  Maurice (D:9)
  2 molten gargoyles (Lair:5)
  8 black mambas
  A gargoyle (D:14)
  2 torpor snails (Lair:5)
  3 ice statues (IceCv)
  Maggie (D:9)
  2 rime drakes
  3 kobold demonologists (D:12)
  15 cane toads
  5 komodo dragons
  2 unseen horrors (D:12)
  A yaktaur (D:15)
  A tengu conjurer (D:13)
  A freezing wraith (IceCv)
  5 trolls
  A hornet (D:7)
  34 blink frogs
  4 dream sheep (Lair:5)
  3 slime creatures (D:12)
  3 shadows
  2 spriggans (shapeshifter)
  5 wraiths
  20 yaks
  8 wyverns
  10 humans (D:13)
  A fire elemental (Orc:2)
  6 basilisks
  Grum (D:10)
  3 death yak simulacra (IceCv)
  2 steam dragons
  2 harpy simulacra (IceCv)
  5 wargs
  6 nagas (Lair:3)
  Edmund (D:5)
  An acid dragon (D:11)
  13 water moccasins
  7 hell hounds
  Duvessa (D:6)
  An ice beast (D:8)
  A sky beast (D:8)
  23 orc warriors
  3 black bears
  29 ogres
  27 wolves
  11 centaurs
  2 phantoms (D:5)
  4 kobold brigands
  A gnoll sergeant (D:6)
  14 bullfrogs
  A necrophage (D:6)
  2 scorpions (D:5)
  A cane toad simulacrum (IceCv)
  4 wights (D:9)
  An elephant simulacrum (IceCv)
  16 killer bees
  5 lava snakes (Lair:5)
  7 electric eels
  20 orc priests
  A gnoll bouda (D:6)
  A hound (D:5)
  2 jellies
  4 iguanas (D:5)
  39 orc wizards
  4 hell rats (Lair:5)
  A polar bear simulacrum (IceCv)
  15 gnolls
  14 adders
  6 river rats (Sewer)
  12 white imps (Orc:2)
  An ufetubus (D:5)
  8 worms
  4 dart slugs
  86 orcs
  6 endoplasms
  6 giant cockroaches
  7 goblins
  6 hobgoblins
  7 jackals
  14 kobolds
  4 quokkas
  8 ball pythons
  11 bats
  7 frilled lizards
  9 rats
719 creatures vanquished.

Vanquished Creatures (collateral kills)
  3 death yaks (Lair:4)
  A cane toad (Lair:2)
  A hornet (D:9)
  A blink frog (Lair:4)
  An orc warrior (Orc:2)
  A centaur (D:15)
  A kobold brigand (D:7)
  2 killer bees (D:7)
  A gnoll bouda (D:7)
  2 orc wizards (Orc:2)
  2 gnolls
  An adder (D:5)
  5 orcs
  A kobold (D:7)
  A ball python (Sewer)
24 creatures vanquished.

Vanquished Creatures (others)
  A black mamba (Lair:4)
  A komodo dragon (Lair:4)
  A troll (Orc:2)
  A basilisk (D:15)
  A water moccasin (Lair:2)
  4 orcs
  26 fungi
  A lurking horror (D:7)
  36 plants
72 creatures vanquished.

Grand Total: 815 creatures vanquished

Table legend:
 A = Non-vault XP
 B = Vault XP
 C = Vault XP percentage of total XP
 D = Non-vault monster count
 E = Vault monster count
 F = Vault count percentage of total count
                 A         B        C        D         E       F
            +---------+---------+-------+---------+---------+-------
      Total |   81227 |   43792 |  35.0 |     534 |     214 |  28.6
            +---------+---------+-------+---------+---------+-------
        D:1 |      43 |       0 |   0.0 |      26 |       0 |   0.0
        D:2 |      30 |       7 |  18.9 |      10 |       4 |  28.6
        D:3 |     231 |       0 |   0.0 |      30 |       0 |   0.0
        D:4 |      54 |      26 |  32.5 |       9 |       8 |  47.1
        D:5 |     763 |     158 |  17.2 |      29 |       1 |   3.3
        D:6 |     633 |     135 |  17.6 |      18 |       1 |   5.3
        D:7 |    1949 |      36 |   1.8 |      24 |       1 |   4.0
        D:8 |    1619 |       0 |   0.0 |      21 |       0 |   0.0
        D:9 |    2504 |    3013 |  54.6 |      29 |      36 |  55.4
       D:10 |    1552 |     540 |  25.8 |      19 |       4 |  17.4
       D:11 |    2303 |       0 |   0.0 |       5 |       0 |   0.0
       D:12 |    5094 |    1364 |  21.1 |      26 |       1 |   3.7
       D:13 |    4383 |    5232 |  54.4 |      18 |      16 |  47.1
       D:14 |    7159 |       0 |   0.0 |      12 |       0 |   0.0
       D:15 |    3852 |    2696 |  41.2 |      15 |       5 |  25.0
     Lair:1 |    1262 |     840 |  40.0 |       6 |       6 |  50.0
     Lair:2 |    4281 |       0 |   0.0 |      24 |       0 |   0.0
     Lair:3 |    5475 |     968 |  15.0 |      15 |       6 |  28.6
     Lair:4 |   13494 |     928 |   6.4 |      44 |       1 |   2.2
     Lair:5 |   17539 |    7176 |  29.0 |      63 |      27 |  30.0
      Orc:1 |    1850 |     775 |  29.5 |      31 |       1 |   3.1
      Orc:2 |    5157 |   16561 |  76.3 |      60 |      54 |  47.4
      Sewer |       0 |     160 | 100.0 |       0 |      29 | 100.0
      IceCv |       0 |    3177 | 100.0 |       0 |      13 | 100.0
            +---------+---------+-------+---------+---------+-------

Illustrated notes

Table legend:
 A = Kills in this place as a percentage of kills in entire the game.
 B = Kills by you in this place as a percentage of kills by you in the entire game.
 C = Kills by friends in this place as a percentage of kills by friends in the entire game.
 D = Other kills in this place as a percentage of other kills in the entire game.
 E = Experience gained in this place as a percentage of experience gained in the entire game.
 F = Experience gained in this place divided by the number of levels of this place that you have seen.
                   A       B       C       D       E      F
               +-------+-------+-------+-------+-------+----------------------
         Total | 100.0 | 100.0 | 100.0 | 100.0 | 100.0 | 4808.4
       Dungeon |  49.2 |  49.4 |  50.0 |  20.0 |  36.3 | 3025.1
          Lair |  25.7 |  25.6 |  20.8 |  60.0 |  41.6 | 10392.6
  Orcish Mines |  19.5 |  19.3 |  25.0 |  20.0 |  19.5 | 12171.5
         Sewer |   3.9 |   3.9 |   4.2 |   0.0 |   0.1 | 160.0
      Ice Cave |   1.7 |   1.8 |   0.0 |   0.0 |   2.5 | 3177.0
               +-------+-------+-------+-------+-------+----------------------

Table legend: (Time is in decaauts)
 A = Elapsed time spent in this place.
 B = Non-inter-level travel time spent in this place.
 C = Inter-level travel time spent in this place.
 D = Time resting spent in this place.
 E = Time spent auto-exploring this place.
 F = Levels seen in this place.
 G = Mean time per level.
                   A        B        C        D        E       F      G
               +--------+--------+--------+--------+--------+-----+--------+
         Total |  29255 |  28233 |   1022 |   1779 |  21654 |  26 | 1125.2 |
       Dungeon |  18112 |  17408 |    704 |    395 |  14417 |  15 | 1207.5 |
        Temple |     69 |     55 |     14 |      0 |     40 |   1 |   69.0 |
          Lair |   7560 |   7315 |    245 |   1091 |   5070 |   5 | 1512.0 |
  Orcish Mines |   1573 |   1516 |     57 |     67 |   1132 |   2 |  786.5 |
         Sewer |   1177 |   1177 |      0 |     18 |    719 |   1 | 1177.0 |
      Ice Cave |    521 |    521 |      0 |    208 |    102 |   1 |  521.0 |
      Gauntlet |    240 |    240 |      0 |      0 |    173 |   1 |  240.0 |
               +--------+--------+--------+--------+--------+-----+--------+

Top non-repeatable levels by time:
  Lair:5: 1869 daAuts
  Lair:3: 1773 daAuts
     D:7: 1751 daAuts
    D:12: 1722 daAuts
  Lair:2: 1628 daAuts
     D:9: 1595 daAuts
     D:8: 1411 daAuts
    D:15: 1381 daAuts
     D:1: 1253 daAuts
  Lair:1: 1234 daAuts
     D:6: 1223 daAuts
   Sewer: 1177 daAuts
    D:10: 1169 daAuts
    D:13: 1086 daAuts
  Lair:4: 1054 daAuts
